 Dungeon Crawl Stone Soup version 0.27-a0-1228-gfd60fd639a (webtiles) character file.

Game seed: 9398889584919835142

4 robertstho the Magician (level 1, 0/15 HPs)
             Began as a Djinni Fire Elementalist on June 7, 2021.
             Slain by an endoplasm (3 damage)
             ... on level 1 of the Dungeon.
             The game lasted 00:00:24 (328 turns).

robertstho the Magician (Djinni Fire Elementalist)   Turns: 328, Time: 00:00:25

Health: 0/15       AC:  2    Str:  7    XL:     1   Next: 77%
Gold:   9          EV: 12    Int: 16    God:
                   SH:  0    Dex: 13

rFire    + + .     SeeInvis .   (no weapon)
rCold    x . .     Faith    .   (no shield)
rNeg     . . .     Spirit   .   a - +0 robe
rPois    ∞         Reflect  .   (no helmet)
rElec    .         Harm     .   (no cloak)
rCorr    .         Rampage  .   (no gloves)
Will     .....                  (boots unavailable)
Stlth    ++........             (no amulet)
HPRegen  0.05/turn              (no ring)
MPRegen  0.00/turn              (no ring)

@: flying
A: sickness immunity, fire resistance 2, cold vulnerability 1, float, innate
caster, hp casting, extra vitality 1
a: no special abilities


You were on level 1 of the Dungeon.
You visited 1 branch of the dungeon, and saw 1 of its levels.

You collected 9 gold pieces.

Inventory:

Armour
 a - a +0 robe (worn)
Potions
 b - 2 potions of flight {unknown}
 c - a potion of curing {unknown}


   Skills:
 + Level 2.2 Dodging
 + Level 1.5 Stealth
 * Level 2.6 Spellcasting


You couldn't memorise any spells.
You knew the following spells:

 Your Spells              Type           Power      Damage    Failure   Level
a - Foxfire               Conj/Fire      40%        2x1d6     7%          1
b - Conjure Flame         Conj/Fire      10%        6-21      21%         3
c - Inner Flame           Hex/Fire       10%        N/A       21%         3
d - Sticky Flame          Conj/Fire      10%        2d3       54%         4
e - Fireball              Conj/Fire      5%         3d5       88%         5
Your spell library was empty.

Dungeon Overview and Level Annotations

Branches:
Dungeon (1/15)

Altars:


Innate Abilities, Weirdness & Mutations

You are immune to sickness and miasma.
You are immune to poison.
Your flesh is very heat resistant. (rF++)
You are vulnerable to cold. (rC-)
You float through the air rather than walking.
You learn spells naturally, not from books.
Your magical power is your life essence.
You have superior vitality. (+4 HP)


Message History

The foxfire hits the hobgoblin but does no damage.
The foxfire hits the hobgoblin.
The hobgoblin is severely wounded.
Casting: Foxfire (safe; 7% risk of failure)
Press: ? - help, Q - select action Dir - look around, f - activate You conjure some foxfire!
The hobgoblin hits you.
A frilled lizard comes into view.
The foxfire hits the hobgoblin.
You kill the hobgoblin!
Unknown command.
Casting: Foxfire (safe; 7% risk of failure)
Press: ? - help, Q - select action Dir - look around, f - activate You conjure some foxfire!
The endoplasm hits you.
* * * LOW HITPOINT WARNING * * *
The foxfire hits the endoplasm.
The endoplasm is moderately wounded.
The endoplasm barely misses you.
Casting: Foxfire (safe; 7% risk of failure)
Press: ? - help, Q - select action Dir - look around, f - activate You conjure some foxfire!
* * * LOW HITPOINT WARNING * * *
The endoplasm hits you.
* * * LOW HITPOINT WARNING * * *
Your foxfire dissipates!
The foxfire hits the endoplasm.
The endoplasm is heavily wounded.
The endoplasm jiggles.
Casting: Foxfire (safe; 7% risk of failure)
Press: ? - help, Q - select action Dir - look around, f - activate You conjure some foxfire!
* * * LOW HITPOINT WARNING * * *
The endoplasm barely misses you.
The foxfire hits the endoplasm.
The endoplasm is heavily wounded.
The foxfire hits the endoplasm.
The endoplasm is severely wounded.
The endoplasm hits you.
You die...

#.### .# #...# .#
###.#### .#
#.##.###.#####
#.#.#.#.......
#..###...######
####.## ##........
#...lJ###....#####
#.##§.@#.†......#
# ####.##.#.##...
#.##.#.# #.
#.##.#.##
#.##....# #.##....
#.###... ##.## #.#
##...###.#


You could see an endoplasm and a frilled lizard.

Vanquished Creatures
  A ball python (D:1)
  A hobgoblin (D:1)
  A quokka (D:1)
  A kobold (D:1)
4 creatures vanquished.

Vanquished Creatures (others)
  19 foxfires (D:1)
19 creatures vanquished.

Grand Total: 23 creatures vanquished

Notes
Turn   | Place    | Note
-------+----------+-------------------------------------------
     0 | D:1      | robertstho the Djinni Fire Elementalist began the quest for
                  | the Orb.
     0 | D:1      | Reached XP level 1. HP: 15/15 MP: 0/0
   328 | D:1      | Slain by an endoplasm

Illustrated notes

Levels and vault maps discovered:
D:1:      saegor_arrival_simple_b, layout_loops_ring

Action                   || total
-------------------------++-------
 Cast: Foxfire           ||    12
Dodge: Dodged            ||     2

Table legend: (Time is in decaauts)
 A = Elapsed time spent in this place.
 B = Non-inter-level travel time spent in this place.
 C = Inter-level travel time spent in this place.
 D = Time resting spent in this place.
 E = Time spent auto-exploring this place.
 F = Levels seen in this place.
 G = Mean time per level.
                   A        B        C        D        E       F      G
               +--------+--------+--------+--------+--------+-----+--------+
         Total |    328 |    328 |      0 |      0 |    262 |   1 |  328.0 |
       Dungeon |    328 |    328 |      0 |      0 |    262 |   1 |  328.0 |
               +--------+--------+--------+--------+--------+-----+--------+

Top non-repeatable levels by time:
     D:1: 328 daAuts
